 Dungeon Crawl Stone Soup version 0.17-a0-737-gf0a300a (webtiles) character file.

403 Ngotmuk the Skirmisher (level 6, -1/57 HPs)
             Began as a Naga Fighter on Apr 21, 2015.
             Slain by an iron imp (8 damage)
             ... summoned by Eustachio
             ... on level 4 of the Dungeon.
             The game lasted 00:11:49 (3133 turns).

Ngotmuk the Skirmisher (Naga Fighter)               Turns: 3133, Time: 00:11:49

Health: -1/57      AC:  7    Str: 20    XL:     6   Next: 86%
Magic:  6/6        EV:  4    Int:  9    God:
Gold:   205        SH:  9    Dex: 10    Spells: 0 memorised, 5 levels left

rFire  . . .     SeeInvis +     a - +0 long sword
rCold  . . .     Clarity  .     v - +0 chain mail
rNeg   . . .     SustAb   +     c - +0 shield
rPois  +         Gourm    .     (no helmet)
rElec  .         Spirit   .     (no cloak)
rCorr  .         Warding  .     (no gloves)
rMut   .         Stasis   .     (no barding)
MR     .....                    (no amulet)
Stlth  ..........               (no ring)
                                o - ring of sustain abilities

@: short of breath, very slow, not resistant to hostile enchantments, extremely
unstealthy
A: see invisible, deformed body, poison resistance, slowness 2, slow metabolism
1, spit poison 2, AC +2
a: Spit Poison


You were on level 4 of the Dungeon.
You were not hungry.

You visited 1 branch of the dungeon, and saw 4 of its levels.

You collected 205 gold pieces.

Inventory:

Hand weapons
 a - a +0 long sword (weapon)
Armour
 c - a +0 shield (worn)
 v - a +0 chain mail (worn)
Jewellery
 o - a ring of sustain abilities (left hand)
Magical devices
 n - a wand of confusion (0)
Scrolls
 b - a scroll of fog {unknown}
 f - 7 scrolls of identify {unknown}
 h - a scroll of immolation {unknown}
 i - 5 scrolls of remove curse {unknown}
 l - 2 scrolls of magic mapping {unknown}
 m - a scroll of teleportation {unknown}
 p - 3 scrolls of amnesia {unknown}
 q - 2 scrolls of random uselessness {unknown}
 r - a scroll of blinking {unknown}
 s - 2 scrolls of fear {unknown}
Potions
 d - a potion of might
 j - a potion of invisibility {unknown}
 k - a potion of lignification {unknown}
 t - a potion of magic {unknown}
 u - a potion of beneficial mutation {unknown}
 w - 4 potions of curing {unknown}
 x - a potion of heal wounds {unknown}
 A - a potion of cancellation {unknown}
 B - a potion of degeneration {unknown}
 C - a potion of resistance {unknown}
Comestibles
 e - 6 bread rations
 g - a beef jerky
 z - a fruit


   Skills:
 + Level 4.0 Fighting
 + Level 4.0 Long Blades
 + Level 3.2 Armour
 + Level 2.1 Dodging
 + Level 3.6 Shields


You had 5 spell levels left.
You didn't know any spells.

Dungeon Overview and Level Annotations

Branches:
Dungeon (4/15)
 Temple: D:4-7

Altars:
Kikubaaqudgha
Trog

Annotations:
D:4 Eustachio


Innate Abilities, Weirdness & Mutations

You cannot wear boots.
Your serpentine skin is tough (AC +2).
You have supernaturally acute eyesight.
Armour fits poorly on your strangely shaped body.
Your system is resistant to poisons.
You cover ground very slowly.
You have a slow metabolism.
You can spit poison.


Message History

Eustachio hits you with a rapier of electrocution!
* * * LOW HITPOINT WARNING * * *
You see here a robe.
You have got your breath back.
You hit Eustachio but do no damage.
Eustachio is heavily wounded.
Eustachio gestures wildly while chanting.
Use which ability? (? or * to list)
Press: ? - help, Shift-Dir - straight line, f/p - Eustachio
Aim: Eustachio, wielding a rapier of electrocution and wearing a leather armour (heavily wounded)
The splash of poison hits Eustachio.
Eustachio appears unharmed.
Eustachio is heavily wounded.
You feel slightly more hungry. Eustachio hits you but does no damage.
You hit Eustachio.
Eustachio is severely wounded.
The iron imp hits you.
* * * LOW HITPOINT WARNING * * *
Eustachio casts a spell.
Eustachio blinks!
The iron imp hits you!
You die...

#.## ### ### #####..
####################.....#
........ยง@5@<..........###
####################..##
####


You could see Eustachio and an iron imp.

Vanquished Creatures
  2 scorpions (D:4)
  A hound (D:4)
  Ijyb (D:2)
  An iguana (D:4)
  2 worker ants (D:4)
  A hound skeleton (D:2)
  3 gnolls (D:3)
  5 adders
  An ooze (D:4)
  An adder skeleton (D:4)
  4 worms (D:2)
  2 giant geckos
  An orc (D:3)
  2 ball pythons (D:1)
  5 bats
  3 giant cockroaches
  9 goblins
  2 hobgoblins
  8 jackals (D:2)
  3 quokkas
  4 giant newts
  14 kobolds
  11 rats
86 creatures vanquished.

Notes
Turn   | Place    | Note
--------------------------------------------------------------
     0 | D:1      | Ngotmuk, the Naga Fighter, began the quest for the Orb.
     0 | D:1      | Reached XP level 1. HP: 21/21 MP: 1/1
   299 | D:1      | Reached XP level 2. HP: 17/28 MP: 2/2
   830 | D:2      | Found an ancient bone altar of Kikubaaqudgha.
   899 | D:2      | Noticed a moth of wrath
   902 | D:2      | Found a bloodstained altar of Trog.
   932 | D:2      | Reached XP level 3. HP: 21/34 MP: 3/3
  1380 | D:2      | Reached skill level 1 in Dodging
  1545 | D:2      | Reached XP level 4. HP: 33/42 MP: 4/4
  1586 | D:2      | Noticed Ijyb
  1657 | D:2      | Killed Ijyb
  2093 | D:3      | Reached XP level 5. HP: 45/49 MP: 5/5
  2833 | D:4      | Reached XP level 6. HP: 54/57 MP: 6/6
  3089 | D:4      | Reached skill level 4 in Fighting
  3108 | D:4      | Noticed Eustachio
  3133 | D:4      | Slain by an iron imp

Action                   |  1- 3 |  4- 6 || total
-------------------------+-------+-------++-------
Melee: Long sword        |   111 |   228 ||   339
 Abil: Spit Poison       |     2 |    15 ||    17
  Eat: Meat ration       |     1 |       ||     1
       Beef jerky        |       |     1 ||     1
       Fruit             |       |     1 ||     1
